 Dungeon Crawl Stone Soup version 0.29-a0-810-g3812dd5c9c (webtiles) character file.

Game seed: 10842222200178183852

70 Bnni the Slasher (level 4, -2/33 (34) HPs)
             Began as a Demonspawn Gladiator on July 4, 2022.
             Slain by Crazy Yiuf
             ... wielding a +3 quarterstaff of chaos
              (5 damage)
             ... on level 2 of the Dungeon.
             The game lasted 00:02:09 (2229 turns).

Bnni the Slasher (Demonspawn Gladiator)             Turns: 2229, Time: 00:02:11

HP:   -2/33 (34)    AC: 12    Str: 15    XL:     4   Next: 3%
MP:   0/4           EV:  7    Int:  9    God:
Gold: 83            SH:  4    Dex: 16    Spells: 3/3 levels left

rFire   . . .      SeeInvis .   a - +0 long sword
rCold   . . .      Faith    .   (no shield)
rNeg    . . .      Spirit   +   l - +0 chain mail
rPois   .          Reflect  .   c - +0 helmet
rElec   .          Harm     .   k - +0 cloak
rCorr   .          Rampage  .   (no gloves)
Will    .....                   (no boots)
Stlth   ..........              j - amulet of guardian spirit
HPRegen 0.11/turn               (no ring)
MPRegen 0.09/turn               (no ring)

@: lethally poisoned (-2 -> -18), lightly drained
A: claws 1, molten scales 1, condensation shield
a: no special abilities


You were on level 2 of the Dungeon.
You visited 1 branch of the dungeon, and saw 2 of its levels.

You collected 83 gold pieces.

Inventory:

Hand Weapons
 a - a +0 long sword (weapon)
 g - a +0 dagger
Missiles
 e - a javelin (quivered)
Armour
 b - a +0 leather armour
 c - a +0 helmet (worn)
 k - a +0 cloak (worn)
 l - a +0 chain mail (worn)
Jewellery
 j - an amulet of guardian spirit (around neck)
Wands
 p - a wand of charming (12)
Scrolls
 f - a scroll of blinking {unknown}
 m - a scroll of identify {unknown}
 q - a scroll of fog {unknown}
 r - a scroll of magic mapping {unknown}
Potions
 h - a potion of might {unknown}
 i - 3 potions of degeneration {unknown}
 n - a potion of flight {unknown}
 o - a potion of lignification {unknown}


   Skills:
 + Level 2.9 Fighting
 * Level 4.0 Long Blades
 - Level 1.7 Throwing
 - Level 2.6 Dodging


You had 3 spell levels left.
You didn't know any spells.
Your spell library was empty.

Dungeon Overview and Level Annotations

Branches:
Dungeon (2/15)

Altars:

Annotations:
D:2 Crazy Yiuf


Innate Abilities, Weirdness & Mutations

You have sharp fingernails.
You are partially covered in molten scales. (AC +2)
A meltable shield of frost defends you. (SH +4)


Message History

Throw: 2 throwing nets
Press: ? - help, Shift-Dir - straight line, f/p - Crazy Yiuf
Aim: Crazy Yiuf, wielding a +3 quarterstaff of chaos and wearing a +0 cloak (64% to hit)
You throw a throwing net.
The throwing net barely misses Crazy Yiuf.
Crazy Yiuf hits you but does no damage.
You feel drained.
Throw: throwing net
Press: ? - help, Shift-Dir - straight line, f/p - Crazy Yiuf
Aim: Crazy Yiuf, wielding a +3 quarterstaff of chaos and wearing a +0 cloak (64% to hit)
You throw a throwing net. The throwing net hits Crazy Yiuf.
Crazy Yiuf is caught in the net!
Crazy Yiuf flaps his cloak.
Crazy Yiuf struggles against the net.
g - a +0 dagger (weapon)
You catch the helpless Crazy Yiuf completely off-guard!
You puncture Crazy Yiuf!
Crazy Yiuf is heavily wounded.
Crazy Yiuf struggles against the net.
You hit Crazy Yiuf but do no damage.
Crazy Yiuf is heavily wounded.
Crazy Yiuf struggles against the net.
You hit Crazy Yiuf.
Crazy Yiuf is heavily wounded.
Crazy Yiuf screams, "Mama sizzlefizz hand!"
Crazy Yiuf struggles against the net.
The net rips apart, and Crazy Yiuf comes free!
You hit Crazy Yiuf.
Crazy Yiuf is severely wounded.
Crazy Yiuf hits you with a +3 quarterstaff of chaos!
You are lethally poisoned!
a - a +0 long sword (weapon)
* * * LOW HITPOINT WARNING * * *
You feel very sick.
You slash Crazy Yiuf!
Crazy Yiuf is almost dead.
* * * LOW HITPOINT WARNING * * *
You feel very sick.
Crazy Yiuf says, "Buddy poople testudinal!"
Crazy Yiuf hits you with a +3 quarterstaff of chaos!
You die...

#.#
######....######
#.# #....# #.#
#P..P# #.#
#.P.## #.# ##.##
###.# #.## .##.#
##.# .##.# #.##
.##.# ##@# .##.#
#g# ....# ...
##### #...#
#.()# #####


You could see Crazy Yiuf.

Vanquished Creatures
  Terence (D:2)
  An adder (D:2)
  A worm (D:2)
  A dart slug (D:2)
  4 endoplasms
  A giant cockroach (D:1)
  3 goblins
  5 quokkas
  7 ball pythons
  3 bats
  2 frilled lizards (D:1)
  A kobold (D:2)
  3 rats
33 creatures vanquished.

Notes
Turn   | Place    | Note
-------+----------+-------------------------------------------
     0 | D:1      | Bnni the Demonspawn Gladiator began the quest for the Orb.
     0 | D:1      | Reached XP level 1. HP: 16/16 MP: 1/1
   375 | D:1      | Reached skill level 3 in Long Blades
   409 | D:1      | You fall into a shaft and drop 1 floor!
   437 | D:2      | Gained mutation: You have sharp fingernails. [demonic
                  | ancestry]
   437 | D:2      | Reached XP level 2. HP: 22/22 MP: 2/2
  1404 | D:1      | Found a faded altar of an unknown god.
  1847 | D:2      | Gained mutation: A meltable shield of frost defends you.
                  | (SH +4) [demonic ancestry]
  1847 | D:2      | Reached XP level 3. HP: 28/28 MP: 3/3
  1987 | D:2      | Noticed Terence
  1997 | D:2      | Killed Terence
  2092 | D:2      | Reached skill level 4 in Long Blades
  2092 | D:2      | Gained mutation: You are partially covered in molten
                  | scales. (AC +2) [demonic ancestry]
  2092 | D:2      | Reached XP level 4. HP: 31/34 MP: 2/4
  2215 | D:2      | Found a runed translucent door.
  2216 | D:2      | Noticed Crazy Yiuf
  2229 | D:2      | Slain by Crazy Yiuf

Illustrated notes

Levels and vault maps discovered:
D:1:      dpeg_arrival_rooms_a, layout_loops_ring,
          hellmonk_ecumenical_altar_blasted
D:2:      layout_loops_ring, chequers_decorated_corner, grunt_ministairs_1,
          minmay_tromino_v4_b, uniq_terence, uniq_crazy_yiuf_cottage

Skill      XL: |  1  2  3 |
---------------+----------+-----
Long Blades    | 3 4 |  4.0
Fighting       | |  2.9
Throwing       | |  1.7
Dodging        | |  2.6

Action                   |  1- 3 |  4- 6 || total
-------------------------+-------+-------++-------
Melee: Long sword        |   111 |     8 ||   119
       Dagger            |       |     4 ||     4
Throw: Throwing net      |       |     3 ||     3
 Stab: Sleeping          |     1 |       ||     1
       Held in net/web   |       |     1 ||     1
Armor: Leather armour    |    16 |       ||    16
       Chain mail        |    44 |     7 ||    51
Dodge: Dodged            |    50 |       ||    50
Block: Other             |     4 |     1 ||     5

Table legend: (Time is in decaauts)
 A = Elapsed time spent in this place.
 B = Non-inter-level travel time spent in this place.
 C = Inter-level travel time spent in this place.
 D = Time resting spent in this place.
 E = Time spent auto-exploring this place.
 F = Levels seen in this place.
 G = Mean time per level.
                   A        B        C        D        E       F      G
               +--------+--------+--------+--------+--------+-----+--------+
         Total |   2254 |   2168 |     86 |    212 |   1645 |   2 | 1127.0 |
       Dungeon |   2254 |   2168 |     86 |    212 |   1645 |   2 | 1127.0 |
               +--------+--------+--------+--------+--------+-----+--------+

Top non-repeatable levels by time:
     D:1: 1224 daAuts
     D:2: 1030 daAuts
